 Dungeon Crawl Stone Soup version 0.20-a0-331-g5b3579f (webtiles) character file.

102 dondy the Slasher (level 4, -2/52 HPs)
             Began as a Demonspawn Abyssal Knight on Dec 21, 2016.
             Was a Follower of Lugonu.
             Slain by Sigmund
             ... wielding a +0 scythe
              (3 damage)
             ... on level 2 of the Dungeon.
             The game lasted 00:04:21 (1213 turns).

dondy the Slasher (Demonspawn Abyssal Knight)       Turns: 1213, Time: 00:04:22

Health: -2/52      AC: 22    Str: 13    XL:     4   Next: 50%
Magic:  5/5        EV:  2    Int: 14    God:    Lugonu [*.....]
Gold:   60         SH:  0    Dex: 12    Spells: 3/3 levels left

rFire  . . .     SeeInvis .     a - +1 falchion
rCold  . . .     Gourm    .     (armour currently unavailable)
rNeg   + + +     Faith    .     (no shield)
rPois  +         Spirit   .     (helmet currently unavailable)
rElec  .         Reflect  .     (cloak currently unavailable)
rCorr  .         Harm     .     (gloves currently unavailable)
MR     .....     NoTele   +     (boots currently unavailable)
Stlth  +.........               (no amulet)
                                (no ring)
                                (no ring)

@: tree-form
A: (spiny 0)
a: Depart the Abyss, Renounce Religion


You were on level 2 of the Dungeon.
You worshipped Lugonu.
Lugonu was aware of your devotion.
You were not hungry.
You were a tree.
You visited 1 branch of the dungeon, and saw 2 of its levels.
You visited the Abyss 1 time.

You collected 60 gold pieces.

Inventory:

Hand Weapons
 a - a +1 falchion (weapon)
Armour
 m - a cursed +0 pair of boots (melded)
 o - a +3 leather armour of magic resistance (melded)
Scrolls
 b - a scroll of teleportation {unknown}
 e - 2 scrolls of identify {unknown}
 h - 3 scrolls of remove curse {unknown}
 i - 2 scrolls of fear {unknown}
 j - a scroll of enchant armour {unknown}
 l - a scroll of noise {unknown}
Comestibles
 c - 2 bread rations
 d - 11 chunks of flesh
 g - 2 meat rations


   Skills:
 - Level 3.0 Fighting
 + Level 4.3 Long Blades
 - Level 1.7 Armour
 - Level 0.8 Dodging
 - Level 2.4 Invocations


You had 3 spell levels left.
You didn't know any spells.

Dungeon Overview and Level Annotations

Branches:
Dungeon (2/15)

Altars:

Annotations:
D:2 Sigmund


Innate Abilities, Weirdness & Mutations

((You are partially covered in sharp spines.))


Message History

You see here a worm corpse.
The hobgoblin shouts!
You slash the goblin!
You kill the goblin!
Lugonu accepts your kill. Something hits you but does no damage.
Items here: ( )) † a club; a hunting sling; 18 stones; a goblin corpse You barely miss something.
Something hits you!
You hit something. Something hits you!
* * * LOW HITPOINT WARNING * * *
You hit something but do no damage.
It was a potion of lignification.
You turn into a tree.
Your cursed +0 pair of boots melds into your body.
Your +3 leather armour of magic resistance melds into your body.
You feel less resistant to hostile enchantments.
Your roots penetrate the ground.
Something hits you.
* * * LOW HITPOINT WARNING * * *
It was a potion of flight.
Your roots keep you in place.
Something hits you.
You die...

### #### #..( #...
###### #... #....# #[.>
#....# #...
##########....#######...
..^..g{♣†'...........>..
....######....#######...
. ..........# #...
#########.#####+##
#.#....... #[#.......
#.#....... #.)####...
##.## #...


You could see a hobgoblin.

Vanquished Creatures
  Ijyb (D:2)
  2 adders (D:2)
  5 dart slugs
  2 worms (D:2)
  A leopard gecko (D:2)
  4 bats
  A giant cockroach (D:2)
  3 goblins
  2 hobgoblins
  5 jackals (D:1)
  A quokka (D:2)
  5 frilled lizards (D:1)
  6 kobolds
  6 rats
44 creatures vanquished.

Notes
Turn   | Place    | Note
-------+----------+-------------------------------------------
     0 | Abyss:1  | dondy the Demonspawn Abyssal Knight began the quest for the Orb.
     0 | Abyss:1  | Reached XP level 1. HP: 18/18 MP: 2/2
    51 | Abyss:1  | Noticed an orange demon
    59 | Abyss:1  | Noticed a wraith
    67 | Abyss:1  | Noticed a wretched star
    67 | D:1      | Escaped the Abyss
    75 | D:1      | Reached skill level 2 in Long Blades
   354 | D:1      | Gained mutation: You are partially covered in sharp spines. [demonic ancestry]
   354 | D:1      | Reached XP level 2. HP: 23/24 MP: 3/3
   412 | D:1      | Reached * piety under Lugonu
   513 | D:1      | Reached skill level 3 in Long Blades
   792 | D:1      | Reached XP level 3. HP: 29/29 MP: 4/4
  1146 | D:2      | Noticed Ijyb
  1147 | D:2      | Reached XP level 4. HP: 35/35 MP: 5/5
  1161 | D:2      | Killed Ijyb
  1161 | D:2      | Reached skill level 4 in Long Blades
  1201 | D:2      | Noticed Sigmund
  1212 | D:2      | HP: 1/52 [something (3)]
  1213 | D:2      | Slain by Sigmund

Vault maps used:
D:1:      sevenhm_arrival_forest_fort_small_6, minivault_19,
          serial_bayou_pond_a, minmay_lizard_pond
D:2:      overflow_temple_1_default, first_bread, uniq_sigmund, uniq_iyjb

Skill      XL: |  1  2  3  4 |
---------------+-------------+-----
Long Blades    | 2 3 4 |  4.3
Fighting       | |  3.0
Armour         | |  1.7
Dodging        | |  0.8
Invocations    | |  2.4

Action                   |  1- 3 |  4- 6 || total
-------------------------+-------+-------++-------
Melee: Falchion          |    80 |    26 ||   106
Invok: Depart the Abyss  |     1 |       ||     1
  Use: Potion            |       |     2 ||     2
 Stab: Sleeping          |     1 |       ||     1
  Eat: Chunk             |     1 |       ||     1
Armor: Leather armour    |    14 |     1 ||    15
       Ring mail         |    17 |     8 ||    25
Dodge: Dodged            |    40 |     5 ||    45
       Rpst.: Falchion   |    19 |     3 ||    22
